Sasquatch vs Monarchs

Created - June 19, 2017 at 20:54

Goals
1 2 3 T
Sasquatch 2 0 1 3
Monarchs 2 2 0 4
Shots
1 2 3 T
Sasquatch 9 10 12 31
Monarchs 14 14 9 37

1st period

1. Sasquatch , Lars Eller 12 (D.J King 9, Yann Sauvé 8) at 3:01
2. Monarchs , Riley Cote 12 (Justin Williams 15, Riley Sheahan 20) at 10:33
3. Monarchs , Justin Williams 15 (Riley Cote 5) at 14:41
4. Sasquatch , Nick Leddy 1 (Yann Sauvé 9) at 19:58

Penalties :
Jonathan Blum (Gat) for Cross-checking (Minor) at 15:01

2nd period

5. Monarchs , Tom Pyatt 5 (Shawn Matthias 8) at 1:01
6. Monarchs , Matt Irwin 8 (Tom Pyatt 10, Jhonas Enroth) at 2:00 (PP)

Penalties :
Yann Sauvé (Gat) for Holding (Minor) at 1:29, Linus Omark (Gat) for Roughing (Minor) at 9:58, Linus Omark (Gat) for Roughing (Minor) at 18:05

3rd period

7. Sasquatch , Nick Leddy 2 (Jason Akeson 15) at 5:55

Penalties :
Tyler McNeely (MAN) for Interference (Minor) at 3:48, Ryan Strome (Gat) for Roughing (Minor) at 7:32, Reilly Smith (MAN) for Hooking (Minor) at 12:41

Goalie Stats

Corey Crawford (Gat), 14 saves from 18 shots - (0.778), L, 10-9-0, 22:00 minutes
Martin Houle (Gat), 19 saves from 19 shots - (1.000), 37:16 minutes
Jhonas Enroth (MAN), 28 saves from 31 shots - (0.903), W, 10-4-1, 60:00 minutes

Players Stats for Sasquatch

Player Name              G  A  P  +/- PIM S  H  SB GA TA FO     MP     PP MP  PK MP  
------------------------------------------------------------------------------------
Brock Trotter            0  0  0   1  0   2  1  0  1  0  0/0    11:36   0:00   2:28 
D.J King                 0  1  1   1  0   2  1  0  4  0  1/2    19:22   0:00   5:02 
Danny DeKeiser           0  0  0   1  0   4  4  1  1  1  0/0    19:17   2:10   3:12 
Drew Shore               0  0  0   0  0   0  0  0  0  1  3/13   14:15   0:00   4:51 
Garnet Hathaway          0  0  0   1  0   1  2  0  0  0  0/0     8:15   0:00   0:00 
James Wisniewski         0  0  0   0  0   1  0  1  0  0  0/0    16:18   1:48   1:37 
Jason Akeson             0  1  1  -2  0   3  3  0  0  2  0/1    18:14   2:17   0:00 
Jason Zucker             0  0  0   1  0   2  0  0  0  0  2/3    10:41   1:41   0:23 
Jonathan Blum            0  0  0   0  2   1  1  3  0  1  0/0    22:35   1:48   4:14 
Kris Russell             0  0  0   0  0   0  1  1  0  1  0/0    16:42   0:14   2:54 
Lars Eller               1  0  1   0  0   3  2  0  1  1  13/19  16:20   2:17   0:00 
Linus Omark              0  0  0  -2  4   2  2  0  1  0  0/2    19:44   2:17   1:04 
Nick Leddy               2  0  2   0  0   4  1  2  0  1  0/0    23:00   1:56   0:00 
Ryan Strome              0  0  0   0  2   0  2  0  0  0  0/0    10:19   1:41   0:00 
Sergey Kalinin           0  0  0   1  0   1  0  0  0  1  2/4    11:12   0:00   2:53 
Stephane Da Costa        0  0  0  -2  0   1  4  0  2  0  14/21  17:16   1:41   0:13 
Tyler Randell            0  0  0   1  0   1  1  0  0  0  0/0    13:55   0:00   0:00 
Yann Sauvé               0  2  2  -1  2   3  0  1  2  1  0/0    22:27   0:00   4:57 

Players Stats for Monarchs

Player Name              G  A  P  +/- PIM S  H  SB GA TA FO     MP     PP MP  PK MP  
------------------------------------------------------------------------------------
Alexandre Grenier        0  0  0   0  0   1  0  0  0  0  1/1    11:13   0:04   0:00 
Brian Dumoulin           0  0  0  -1  0   1  0  0  0  0  0/0     7:06   0:00   0:00 
Greg Pateryn             0  0  0  -1  0   0  0  0  0  0  0/0     7:06   0:00   0:00 
Jake Muzzin              0  0  0   0  0   0  0  0  0  0  0/0     0:00   0:00   0:00 
Jamie McGinn             0  0  0   0  0   0  0  0  0  0  0/0     0:40   0:00   0:40 
Jannik Hansen            0  0  0  -3  0   0  1  0  0  0  0/0     6:55   0:00   0:00 
Justin Faulk             0  0  0  -1  0   1  0  1  0  0  0/0     8:50   0:00   0:02 
Justin Williams          1  1  2   2  0   6  1  0  1  2  0/3    23:37   4:29   2:26 
Matt Irwin               1  0  1   0  0   3  2  2  0  0  0/0    25:17   4:31   2:12 
Matt Tennyson            0  0  0   2  0   1  1  1  0  1  0/0    18:47   3:56   1:44 
Patrick Maroon           0  0  0  -3  0   1  1  0  1  0  0/1     6:55   0:00   0:00 
Reilly Smith             0  0  0   1  2   1  1  1  1  2  1/2    17:07   3:52   0:21 
Rickard Rakell           0  0  0   0  0   0  0  0  0  0  0/1     1:23   0:00   1:18 
Riley Cote               1  1  2   2  0   5  1  0  2  0  3/6    23:28   4:26   2:19 
Riley Sheahan            0  1  1   2  0   3  2  1  0  2  16/32  20:58   4:29   0:00 
Ryan White               0  0  0   0  0   0  0  0  0  0  0/1     0:35   0:11   0:00 
Shawn Matthias           0  1  1   1  0   3  2  1  1  0  2/2    17:27   3:52   0:52 
Theo Peckham             0  0  0   2  0   0  0  0  2  2  0/0    18:47   3:56   1:44 
Tom Gilbert              0  0  0   0  0   4  4  2  1  1  0/0    25:17   4:31   2:12 
Tom Pyatt                1  1  2   1  0   4  1  1  0  0  4/12   16:35   3:52   0:00 
Trevor Lewis             0  0  0   0  0   0  0  0  0  0  0/0     0:30   0:06   0:00 
Ty Wishart               0  0  0  -1  0   0  0  0  0  1  0/0     8:50   0:00   0:02 
Tyler McNeely            0  0  0   0  2   0  3  0  0  0  0/0    10:51   0:00   0:00 
Tyler Toffoli            0  0  0   0  0   2  1  0  0  0  2/2    10:51   0:00   0:00 
Zac Rinaldo              0  0  0  -3  0   1  0  0  1  1  1/2     6:55   0:00   0:00 

3 Stars

1 - Nick Leddy (Gat)
2 - Justin Williams (MAN)
3 - Riley Cote (MAN)

Power Play

Sasquatch - 0 on 2 Attempt(s) - 0.00%
Monarchs - 1 on 5 Attempt(s) - 20.00%

Penalty Kill

Sasquatch - 4 on 5 Attempt(s) - 80.00% - Score 0 goal in Penalty Kill
Monarchs - 2 on 2 Attempt(s) - 100.00% - Score 0 goal in Penalty Kill

Team Stat

Sasquatch - Hits : 25 - Faceoff Wins : 35 - Blocked Shots : 9 - Penalty Minutes : 10
Monarchs - Hits : 21 - Faceoff Wins : 30 - Blocked Shots : 10 - Penalty Minutes : 4

Official

Referees : Joannette Marc and Kimmerly Greg
Linesman : Mark Shewchyk and Brian Murphy

Game Notes

Martin Houle enters game at 2:00 of 2nd period

Finance

Level 1 -- Attendance: 2000 (100.00%) -- Ticket Income $80,000
Level 2 -- Attendance: 1000 (100.00%) -- Ticket Income $20,000
Total Attendance: 3000 (100.00%)
Total Ticket Income: $100,000
Other Income: $5,000
Total Income: $105,000

Sasquatch

5 vs 5 Forward 
   Center                   Left Wing                Right Wing               Time % Phy DF OF 
 1 Stephane Da Costa        Linus Omark              Jason Akeson             40     1   2  2  
 2 Lars Eller               D.J King                 Tyler Randell            30     1   2  2  
 3 Drew Shore               Brock Trotter            Ryan Strome              20     1   2  2  
 4 Sergey Kalinin           Jason Zucker             Garnet Hathaway          10     1   2  2  

5 vs 5 Defense 
   Defense                  Defense                                           Time % Phy DF OF 
 1 Yann Sauvé               Nick Leddy                                        40     1   2  2  
 2 Danny DeKeiser           Jonathan Blum                                     30     1   2  2  
 3 Kris Russell             James Wisniewski                                  20     1   2  2  
 4 Jonathan Blum            Nick Leddy                                        10     1   2  2  

PowerPlay Forward 
   Center                   Left Wing                Right Wing               Time % Phy DF OF 
 1 Lars Eller               Linus Omark              Jason Akeson             60     1   2  2  
 2 Stephane Da Costa        Jason Zucker             Ryan Strome              40     1   2  2  

PowerPlay Defense
   Defense                  Defense                                           Time % Phy DF OF 
 1 Nick Leddy               Danny DeKeiser                                    60     1   2  2  
 2 James Wisniewski         Jonathan Blum                                     40     1   2  2  

Penalty Kill 4 Players Forward 
   Center                   Wing                     Time % Phy DF OF 
 1 Drew Shore               D.J King                 60     1   2  2  
 2 Sergey Kalinin           Linus Omark              40     1   2  2  

Penalty Kill 4 Players Defense
   Defense                  Defense                  Time % Phy DF OF 
 1 Yann Sauvé               Jonathan Blum            60     1   2  2  
 2 Kris Russell             Danny DeKeiser           40     1   2  2  

Penalty Kill - 3 Players Forward 
   Forward                                           Time % Phy DF OF 
 1 Drew Shore                                        60     1   2  2  
 2 Sergey Kalinin                                    40     1   2  2  

Penalty Kill - 3 Players Defense
   Defense                  Defense                  Time % Phy DF OF 
 1 Jonathan Blum            Yann Sauvé               60     1   2  2  
 2 Danny DeKeiser           Kris Russell             40     1   2  2  

4 vs 4 Forward 
   Center                   Wing                     Time % Phy DF OF 
 1 Drew Shore               D.J King                 60     1   2  2  
 2 Stephane Da Costa        Linus Omark              40     1   2  2  

4 vs 4 Defense
   Defense                  Defense                  Time % Phy DF OF 
 1 James Wisniewski         Yann Sauvé               60     1   2  2  
 2 Nick Leddy               Jonathan Blum            40     1   2  2  

Last Minutes Offensive
   Center                   Left Wing                Right Wing               Defense                  Defense                  
   Lars Eller               Linus Omark              Jason Akeson             Nick Leddy               Jonathan Blum            

Last Minutes Defensive
   Center                   Left Wing                Right Wing               Defense                  Defense                  
   Drew Shore               Linus Omark              D.J King                 Yann Sauvé               Jonathan Blum            

Goaltenders
Starting : Corey Crawford           
Backup : Martin Houle             

Extra Forwards
Normal : Jason Zucker, Jason Akeson, Brock Trotter - PP : Sergey Kalinin, Linus Omark - PK : Brock Trotter
Extra Defensemen
Normal : Jonathan Blum, Kris Russell, Danny DeKeiser - PP : Kris Russell - PK : James Wisniewski, Danny DeKeiser
Penalty Shots
Linus Omark, Lars Eller, Jason Akeson, Ryan Strome, Jason Zucker

Scratches
Andy Andreoff (Healthy), Philip Varone (Healthy), Ty Rattie (Healthy), Michal Jordan (Healthy), Teemu Hartikainen (Healthy)
Slava Voynov (Left Leg Injury), Jack Campbell (Healthy)

Monarchs

5 vs 5 Forward 
   Center                   Left Wing                Right Wing               Time % Phy DF OF 
 1 Riley Sheahan            Riley Cote               Justin Williams          40     1   2  2  
 2 Tom Pyatt                Shawn Matthias           Reilly Smith             30     1   2  2  
 3 Tyler Toffoli            Tyler McNeely            Alexandre Grenier        20     1   2  2  
 4 Zac Rinaldo              Patrick Maroon           Jannik Hansen            10     1   2  2  

5 vs 5 Defense 
   Defense                  Defense                                           Time % Phy DF OF 
 1 Matt Irwin               Tom Gilbert                                       40     1   2  2  
 2 Theo Peckham             Matt Tennyson                                     30     1   2  2  
 3 Ty Wishart               Justin Faulk                                      20     1   2  2  
 4 Brian Dumoulin           Greg Pateryn                                      10     1   2  2  

PowerPlay Forward 
   Center                   Left Wing                Right Wing               Time % Phy DF OF 
 1 Riley Sheahan            Riley Cote               Justin Williams          60     1   2  2  
 2 Tom Pyatt                Shawn Matthias           Reilly Smith             40     1   2  2  

PowerPlay Defense
   Defense                  Defense                                           Time % Phy DF OF 
 1 Matt Irwin               Tom Gilbert                                       60     1   2  2  
 2 Theo Peckham             Matt Tennyson                                     40     1   2  2  

Penalty Kill 4 Players Forward 
   Center                   Wing                     Time % Phy DF OF 
 1 Riley Cote               Justin Williams          60     1   2  2  
 2 Shawn Matthias           Reilly Smith             40     1   2  2  

Penalty Kill 4 Players Defense
   Defense                  Defense                  Time % Phy DF OF 
 1 Matt Irwin               Tom Gilbert              60     1   2  2  
 2 Theo Peckham             Matt Tennyson            40     1   2  2  

Penalty Kill - 3 Players Forward 
   Forward                                           Time % Phy DF OF 
 1 Riley Cote                                        60     1   2  2  
 2 Justin Williams                                   40     1   2  2  

Penalty Kill - 3 Players Defense
   Defense                  Defense                  Time % Phy DF OF 
 1 Matt Irwin               Tom Gilbert              60     1   2  2  
 2 Theo Peckham             Matt Tennyson            40     1   2  2  

4 vs 4 Forward 
   Center                   Wing                     Time % Phy DF OF 
 1 Riley Cote               Justin Williams          60     1   2  2  
 2 Shawn Matthias           Reilly Smith             40     1   2  2  

4 vs 4 Defense
   Defense                  Defense                  Time % Phy DF OF 
 1 Matt Irwin               Tom Gilbert              60     1   2  2  
 2 Theo Peckham             Matt Tennyson            40     1   2  2  

Last Minutes Offensive
   Center                   Left Wing                Right Wing               Defense                  Defense                  
   Riley Sheahan            Riley Cote               Justin Williams          Matt Irwin               Tom Gilbert              

Last Minutes Defensive
   Center                   Left Wing                Right Wing               Defense                  Defense                  
   Riley Sheahan            Riley Cote               Justin Williams          Matt Irwin               Tom Gilbert              

Goaltenders
Starting : Jhonas Enroth            
Backup : Andrew Hammond           

Extra Forwards
Normal : Ryan White, Trevor Lewis, Rickard Rakell - PP : Ryan White, Trevor Lewis - PK : Rickard Rakell
Extra Defensemen
Normal : Jake Muzzin, Ty Wishart, Justin Faulk - PP : Jake Muzzin - PK : Ty Wishart, Justin Faulk
Penalty Shots
Riley Cote, Justin Williams, Shawn Matthias, Reilly Smith, Riley Sheahan

Scratches
Johnny Gaudreau (Strained Right Knee Injury), Brandon Saad (Healthy), Joe Morrow (Healthy), Emerson Etem (Healthy), Derek Forbort (Healthy)
Anthony Peluso (Healthy), Alec Martinez (Chest/Ribs Injury), Ben Bishop (Healthy)

% Time on Ice - Sasquatch

Lines # - Real PCT - Wanted PCT - Time Play
Normal Forward
1 - 35% - 40% - 16:42
2 - 29% - 30% - 13:55
3 - 18% - 20% - 8:38
4 - 17% - 10% - 8:15
Normal Defense
1 - 40% - 40% - 19:11
2 - 26% - 30% - 12:15
3 - 27% - 20% - 12:53
4 - 7% - 10% - 3:11
PP Forward
1 - 58% - 60% - 2:17
2 - 42% - 40% - 1:41
PP Defense
1 - 55% - 60% - 2:10
2 - 45% - 40% - 1:48
PK Forward
1 - 76% - 60% - 6:23
2 - 24% - 40% - 2:04
PK Defense
1 - 68% - 60% - 5:44
2 - 32% - 40% - 2:43
PK3 Forward
1 - 0% - 60%
2 - 0% - 40%
PK3 Defense
1 - 0% - 60%
2 - 0% - 40%
44 Forward
1 - 0% - 60%
2 - 0% - 40%
44 Defense
1 - 0% - 60%
2 - 0% - 40%
Last Minute Offensive  - 0:05
Last Minute Defensive  - 0:00
Total
Forward - 60:00
Defense - 60:00

% Time on Ice - Monarchs

Lines # - Real PCT - Wanted PCT - Time Play
Normal Forward
1 - 36% - 40% - 17:01
2 - 27% - 30% - 12:43
3 - 23% - 20% - 10:51
4 - 15% - 10% - 6:55
Normal Defense
1 - 39% - 40% - 18:30
2 - 28% - 30% - 13:07
3 - 18% - 20% - 8:47
4 - 15% - 10% - 7:06
PP Forward
1 - 54% - 60% - 4:35
2 - 46% - 40% - 3:52
PP Defense
1 - 53% - 60% - 4:31
2 - 47% - 40% - 3:56
PK Forward
1 - 78% - 60% - 3:06
2 - 22% - 40% - 0:52
PK Defense
1 - 56% - 60% - 2:14
2 - 44% - 40% - 1:44
PK3 Forward
1 - 0% - 60%
2 - 0% - 40%
PK3 Defense
1 - 0% - 60%
2 - 0% - 40%
44 Forward
1 - 0% - 60%
2 - 0% - 40%
44 Defense
1 - 0% - 60%
2 - 0% - 40%
Last Minute Offensive  - 0:00
Last Minute Defensive  - 0:05
Total
Forward - 60:00
Defense - 60:00

Play by Play

1st period


0:01 of 1st period - Stephane Da Costa wins face-off versus Riley Sheahan in neutral zone.
1:08 of 1st period - Theo Peckham is hit by Danny DeKeiser and loses puck.
1:14 of 1st period - Off-side.
1:15 of 1st period - Sergey Kalinin wins face-off versus Zac Rinaldo in neutral zone.
1:20 of 1st period - Snap shot by Jason Zucker.
1:20 of 1st period - Shot Misses the Net.
1:40 of 1st period - Ty Wishart is hit by Stephane Da Costa.
2:20 of 1st period - Snap shot by Linus Omark.
2:20 of 1st period - Shot Blocked by Matt Irwin.
2:22 of 1st period - Slapshot by Linus Omark.
2:22 of 1st period - Shot Misses the Net.
2:24 of 1st period - Slapshot by Nick Leddy.
2:24 of 1st period - Shot Blocked by Shawn Matthias.
2:26 of 1st period - Snap shot by Jonathan Blum.
2:26 of 1st period - Deflect By Linus Omark.
2:26 of 1st period - Shot Blocked by Tom Pyatt.
2:26 of 1st period - Puck is out of play.
2:27 of 1st period - Lars Eller wins face-off versus Riley Sheahan in Monarchs zone.
3:01 of 1st period - Slapshot by Lars Eller.
3:01 of 1st period - Goal by Lars Eller - Sasquatch : 1 - Monarchs : 0.
3:02 of 1st period - Riley Sheahan wins face-off versus Drew Shore in neutral zone.
3:07 of 1st period - Snap shot by Riley Sheahan.
3:07 of 1st period - Deflect By Justin Williams.
3:07 of 1st period - Deflect By Danny DeKeiser.
3:07 of 1st period - Shot Misses the Net.
3:07 of 1st period - Puck is out of play.
3:08 of 1st period - Riley Sheahan wins face-off versus Drew Shore in Sasquatch zone.
3:09 of 1st period - Wrist shot by Riley Cote.
3:09 of 1st period - Shot Blocked by Danny DeKeiser.
3:35 of 1st period - Snap shot by Tom Pyatt.
3:35 of 1st period - Stopped by Corey Crawford without a rebound.
3:36 of 1st period - Reilly Smith wins face-off versus Linus Omark in Sasquatch zone.
3:55 of 1st period - Snap shot by Shawn Matthias.
3:55 of 1st period - Shot Blocked by Nick Leddy.
4:11 of 1st period - Backhand shot by Nick Leddy.
4:11 of 1st period - Deflect By Linus Omark.
4:11 of 1st period - Stopped by Jhonas Enroth with a rebound.
4:30 of 1st period - Tom Pyatt is hit by Danny DeKeiser and loses puck.
5:10 of 1st period - Snap shot by Reilly Smith.
5:10 of 1st period - Deflect By Shawn Matthias.
5:10 of 1st period - Stopped by Corey Crawford without a rebound.
5:11 of 1st period - Lars Eller wins face-off versus Riley Cote in Sasquatch zone.
5:15 of 1st period - Off-side.
5:16 of 1st period - Riley Sheahan wins face-off versus Lars Eller in neutral zone.
5:21 of 1st period - Wrist shot by Riley Cote.
5:21 of 1st period - Shot Misses the Net.
5:29 of 1st period - Snap shot by Lars Eller.
5:29 of 1st period - Stopped by Jhonas Enroth without a rebound.
5:30 of 1st period - Alexandre Grenier wins face-off versus D.J King in Monarchs zone.
5:41 of 1st period - Theo Peckham is hit by Tyler Randell and loses puck.
5:56 of 1st period - Yann Sauvé is hit by Justin Williams.
6:06 of 1st period - Snap shot by Brock Trotter.
6:06 of 1st period - Shot Blocked by Riley Sheahan.
6:39 of 1st period - Wrist shot by Tyler Toffoli.
6:39 of 1st period - Shot Misses the Net.
6:41 of 1st period - Snap shot by Ty Wishart.
6:41 of 1st period - Shot Blocked by James Wisniewski.
6:43 of 1st period - Slapshot by Justin Faulk.
6:43 of 1st period - Stopped by Corey Crawford with a rebound.
7:07 of 1st period - Drew Shore is hit by Matt Irwin.
7:19 of 1st period - Snap shot by Shawn Matthias.
7:19 of 1st period - Stopped by Corey Crawford without a rebound.
7:20 of 1st period - Jason Zucker wins face-off versus Tom Pyatt in Sasquatch zone.
7:33 of 1st period - Slapshot by Nick Leddy.
7:33 of 1st period - Shot Blocked by Matt Tennyson.
7:35 of 1st period - Slapshot by Nick Leddy.
7:35 of 1st period - Stopped by Jhonas Enroth with a rebound.
8:20 of 1st period - Wrist shot by Brock Trotter.
8:20 of 1st period - Shot Misses the Net.
8:22 of 1st period - Wrist shot by Yann Sauvé.
8:22 of 1st period - Stopped by Jhonas Enroth with a rebound.
8:28 of 1st period - Slapshot by Nick Leddy.
8:28 of 1st period - Stopped by Jhonas Enroth without a rebound.
8:29 of 1st period - Lars Eller wins face-off versus Riley Sheahan in Monarchs zone.
8:41 of 1st period - Snap shot by Lars Eller.
8:41 of 1st period - Shot Misses the Net.
8:43 of 1st period - Slapshot by Jonathan Blum.
8:43 of 1st period - Deflect By D.J King.
8:43 of 1st period - Stopped by Jhonas Enroth with a rebound.
8:55 of 1st period - Brian Dumoulin is hit by Linus Omark and loses puck.
9:04 of 1st period - Slapshot by Stephane Da Costa.
9:04 of 1st period - Shot Misses the Net.
10:23 of 1st period - Wrist shot by Justin Williams.
10:23 of 1st period - Stopped by Corey Crawford without a rebound.
10:24 of 1st period - Riley Sheahan wins face-off versus Stephane Da Costa in Sasquatch zone.
10:33 of 1st period - Wrist shot by Riley Cote.
10:33 of 1st period - Goal by Riley Cote - Sasquatch : 1 - Monarchs : 1.
10:34 of 1st period - Riley Sheahan wins face-off versus Stephane Da Costa in neutral zone.
10:59 of 1st period - Matt Tennyson is hit by Lars Eller and loses puck.
11:20 of 1st period - Shawn Matthias is hit by Ryan Strome and loses puck.
11:51 of 1st period - Off-side.
11:52 of 1st period - Riley Sheahan wins face-off versus Stephane Da Costa in neutral zone.
12:47 of 1st period - Snap shot by Danny DeKeiser.
12:47 of 1st period - Stopped by Jhonas Enroth without a rebound.
12:48 of 1st period - Stephane Da Costa wins face-off versus Riley Sheahan in Monarchs zone.
13:25 of 1st period - D.J King is hit by Tom Pyatt.
13:35 of 1st period - Yann Sauvé is hit by Tyler McNeely and loses puck.
14:18 of 1st period - Snap shot by Justin Williams.
14:18 of 1st period - Stopped by Corey Crawford with a rebound.
14:20 of 1st period - Wrist shot by Riley Cote.
14:20 of 1st period - Stopped by Corey Crawford with a rebound.
14:26 of 1st period - Wrist shot by Justin Williams.
14:26 of 1st period - Stopped by Corey Crawford without a rebound.
14:27 of 1st period - D.J King wins face-off versus Justin Williams in Sasquatch zone.
14:41 of 1st period - Slapshot by Justin Williams.
14:41 of 1st period - Goal by Justin Williams - Sasquatch : 1 - Monarchs : 2.
14:42 of 1st period - Stephane Da Costa wins face-off versus Riley Sheahan in neutral zone.
15:01 of 1st period - Minor Penalty to Jonathan Blum for Cross-checking.
15:02 of 1st period - Riley Sheahan wins face-off versus Drew Shore in Sasquatch zone.
15:04 of 1st period - Wrist shot by Riley Cote.
15:04 of 1st period - Shot Misses the Net.
15:08 of 1st period - Backhand shot by Riley Cote.
15:08 of 1st period - Shot Misses the Net.
17:01 of 1st period - Penalty to Jonathan Blum is over, Jonathan Blum is back on ice.
17:15 of 1st period - Snap shot by Tyler Toffoli.
17:15 of 1st period - Stopped by Corey Crawford with a rebound.
17:17 of 1st period - Backhand shot by Ty Wishart.
17:17 of 1st period - Shot Misses the Net.
17:29 of 1st period - Icing by Linus Omark.
17:30 of 1st period - Zac Rinaldo wins face-off versus Stephane Da Costa in Sasquatch zone.
17:38 of 1st period - Off-side.
17:39 of 1st period - Lars Eller wins face-off versus Riley Sheahan in neutral zone.
18:10 of 1st period - Snap shot by Linus Omark.
18:10 of 1st period - Shot Misses the Net.
18:31 of 1st period - Snap shot by Alexandre Grenier.
18:31 of 1st period - Stopped by Corey Crawford with a rebound.
18:35 of 1st period - Wrist shot by Tyler Toffoli.
18:35 of 1st period - Shot Blocked by Kris Russell.
18:37 of 1st period - Slapshot by Brian Dumoulin.
18:37 of 1st period - Stopped by Corey Crawford without a rebound.
18:38 of 1st period - Stephane Da Costa wins face-off versus Riley Sheahan in Sasquatch zone.
18:49 of 1st period - Snap shot by Riley Sheahan.
18:49 of 1st period - Shot Misses the Net.
18:51 of 1st period - Slapshot by Tom Gilbert.
18:51 of 1st period - Deflect By Justin Williams.
18:51 of 1st period - Shot Blocked by Yann Sauvé.
18:51 of 1st period - Puck is out of play.
18:52 of 1st period - Shawn Matthias wins face-off versus Lars Eller in Sasquatch zone.
19:05 of 1st period - Slapshot by Tom Pyatt.
19:05 of 1st period - Stopped by Corey Crawford with a rebound.
19:43 of 1st period - Yann Sauvé is hit by Tyler McNeely and loses puck.
19:58 of 1st period - Slapshot by Nick Leddy.
19:58 of 1st period - Deflect By Justin Faulk.
19:58 of 1st period - Goal by Nick Leddy - Sasquatch : 2 - Monarchs : 2.
19:59 of 1st period - Stephane Da Costa wins face-off versus Riley Sheahan in neutral zone.
Goals for this period are 2 for Sasquatch vs 2 for Monarchs .
Shots for this period are 9 for Sasquatch vs 14 for Monarchs .

2nd period


0:01 of 2nd period - Stephane Da Costa wins face-off versus Justin Williams in neutral zone.
0:26 of 2nd period - Jonathan Blum is hit by Tom Gilbert and loses puck.
0:31 of 2nd period - Wrist shot by Reilly Smith.
0:31 of 2nd period - Stopped by Corey Crawford without a rebound.
0:32 of 2nd period - Lars Eller wins face-off versus Tom Pyatt in Sasquatch zone.
1:01 of 2nd period - Slapshot by Tom Pyatt.
1:01 of 2nd period - Goal by Tom Pyatt - Sasquatch : 2 - Monarchs : 3.
1:02 of 2nd period - Stephane Da Costa wins face-off versus Riley Sheahan in neutral zone.
1:15 of 2nd period - Wrist shot by Linus Omark.
1:15 of 2nd period - Deflect By Stephane Da Costa.
1:15 of 2nd period - Shot Misses the Net.
1:15 of 2nd period - Puck is out of play.
1:16 of 2nd period - Tom Pyatt wins face-off versus Lars Eller in Monarchs zone.
1:25 of 2nd period - Snap shot by Tom Pyatt.
1:25 of 2nd period - Stopped by Corey Crawford without a rebound.
1:26 of 2nd period - Lars Eller wins face-off versus Tom Pyatt in Sasquatch zone.
1:26 of 2nd period - Lars Eller is hit by Shawn Matthias.
1:29 of 2nd period - Minor Penalty to Yann Sauvé for Holding.
1:30 of 2nd period - Drew Shore wins face-off versus Riley Cote in Sasquatch zone.
2:00 of 2nd period - Slapshot by Matt Irwin.
2:00 of 2nd period - Goal by Matt Irwin - Sasquatch : 2 - Monarchs : 4.
2:00 of 2nd period - Martin Houle enters game.
2:01 of 2nd period - Stephane Da Costa wins face-off versus Riley Sheahan in neutral zone.
2:12 of 2nd period - Riley Sheahan is hit by Stephane Da Costa and loses puck.
2:27 of 2nd period - Riley Cote is hit by Ryan Strome and loses puck.
2:38 of 2nd period - Wrist shot by Drew Shore.
2:38 of 2nd period - Deflect By Brock Trotter.
2:38 of 2nd period - Stopped by Jhonas Enroth with a rebound.
2:40 of 2nd period - Snap shot by Drew Shore.
2:40 of 2nd period - Shot Misses the Net.
3:30 of 2nd period - Jason Zucker is hit by Patrick Maroon.
4:04 of 2nd period - Slapshot by Jonathan Blum.
4:04 of 2nd period - Stopped by Jhonas Enroth without a rebound.
4:05 of 2nd period - Tyler Toffoli wins face-off versus Stephane Da Costa in Monarchs zone.
4:12 of 2nd period - Jason Akeson is hit by Tyler McNeely and loses puck.
4:40 of 2nd period - Wrist shot by Justin Williams.
4:40 of 2nd period - Stopped by Martin Houle with a rebound.
4:42 of 2nd period - Snap shot by Riley Sheahan.
4:42 of 2nd period - Shot Misses the Net.
5:17 of 2nd period - Backhand shot by Linus Omark.
5:17 of 2nd period - Shot Misses the Net.
5:19 of 2nd period - Wrist shot by Linus Omark.
5:19 of 2nd period - Deflect By Matt Irwin.
5:19 of 2nd period - Stopped by Jhonas Enroth with a rebound.
5:35 of 2nd period - Matt Irwin is hit by Danny DeKeiser.
5:57 of 2nd period - Slapshot by Riley Cote.
5:57 of 2nd period - Stopped by Martin Houle with a rebound.
6:18 of 2nd period - Snap shot by Zac Rinaldo.
6:18 of 2nd period - Stopped by Martin Houle without a rebound.
6:19 of 2nd period - Stephane Da Costa wins face-off versus Patrick Maroon in Sasquatch zone.
6:19 of 2nd period - Stephane Da Costa is hit by Matt Tennyson.
6:47 of 2nd period - Yann Sauvé is hit by Riley Sheahan and loses puck.
7:14 of 2nd period - Snap shot by Jason Zucker.
7:14 of 2nd period - Stopped by Jhonas Enroth without a rebound.
7:15 of 2nd period - Tyler Toffoli wins face-off versus Jason Zucker in Monarchs zone.
7:15 of 2nd period - Tyler Toffoli is hit by Danny DeKeiser.
7:27 of 2nd period - Backhand shot by Garnet Hathaway.
7:27 of 2nd period - Stopped by Jhonas Enroth with a rebound.
8:19 of 2nd period - Slapshot by James Wisniewski.
8:19 of 2nd period - Shot Misses the Net.
8:29 of 2nd period - Sergey Kalinin is hit by Tom Gilbert and loses puck.
8:40 of 2nd period - Wrist shot by Tyler Toffoli.
8:40 of 2nd period - Stopped by Martin Houle without a rebound.
8:41 of 2nd period - Riley Sheahan wins face-off versus Linus Omark in Sasquatch zone.
8:42 of 2nd period - Snap shot by Justin Williams.
8:42 of 2nd period - Stopped by Martin Houle with a rebound.
8:44 of 2nd period - Wrist shot by Riley Sheahan.
8:44 of 2nd period - Shot Misses the Net.
8:46 of 2nd period - Snap shot by Riley Sheahan.
8:46 of 2nd period - Shot Blocked by Nick Leddy.
8:48 of 2nd period - Slapshot by Riley Cote.
8:48 of 2nd period - Stopped by Martin Houle without a rebound.
8:49 of 2nd period - Stephane Da Costa wins face-off versus Riley Sheahan in Sasquatch zone.
9:02 of 2nd period - Snap shot by Riley Sheahan.
9:02 of 2nd period - Stopped by Martin Houle without a rebound.
9:03 of 2nd period - Lars Eller wins face-off versus Tom Pyatt in Sasquatch zone.
9:35 of 2nd period - Snap shot by Stephane Da Costa.
9:35 of 2nd period - Shot Misses the Net.
9:37 of 2nd period - Wrist shot by Jason Akeson.
9:37 of 2nd period - Deflect By Theo Peckham.
9:37 of 2nd period - Shot Misses the Net.
9:37 of 2nd period - Puck is out of play.
9:38 of 2nd period - Stephane Da Costa wins face-off versus Tom Pyatt in Monarchs zone.
9:43 of 2nd period - Snap shot by Jason Akeson.
9:43 of 2nd period - Stopped by Jhonas Enroth without a rebound.
9:44 of 2nd period - Tom Pyatt wins face-off versus Jason Akeson in Monarchs zone.
9:58 of 2nd period - Minor Penalty to Linus Omark for Roughing.
9:59 of 2nd period - Riley Cote wins face-off versus Drew Shore in Sasquatch zone.
10:42 of 2nd period - Wrist shot by Brock Trotter.
10:42 of 2nd period - Shot Blocked by Reilly Smith.
11:57 of 2nd period - Jonathan Blum is hit by Tom Gilbert and loses puck.
11:58 of 2nd period - Penalty to Linus Omark is over, Linus Omark is back on ice.
12:06 of 2nd period - Slapshot by Ryan White.
12:06 of 2nd period - Shot Blocked by Jonathan Blum.
12:08 of 2nd period - Slapshot by Justin Faulk.
12:08 of 2nd period - Shot Misses the Net.
12:22 of 2nd period - Slapshot by Jonathan Blum.
12:22 of 2nd period - Shot Blocked by Justin Faulk.
12:59 of 2nd period - Jannik Hansen is hit by Jason Akeson and loses puck.
13:20 of 2nd period - Danny DeKeiser is hit by Riley Cote and loses puck.
14:44 of 2nd period - Slapshot by Tom Pyatt.
14:44 of 2nd period - Shot Misses the Net.
14:46 of 2nd period - Slapshot by Matt Tennyson.
14:46 of 2nd period - Stopped by Martin Houle without a rebound.
14:47 of 2nd period - Tom Pyatt wins face-off versus Stephane Da Costa in Sasquatch zone.
15:27 of 2nd period - Snap shot by Stephane Da Costa.
15:27 of 2nd period - Shot Misses the Net.
15:46 of 2nd period - Icing by Justin Faulk.
15:47 of 2nd period - Lars Eller wins face-off versus Riley Sheahan in Monarchs zone.
15:58 of 2nd period - Backhand shot by Jonathan Blum.
15:58 of 2nd period - Deflect By Tyler Randell.
15:58 of 2nd period - Stopped by Jhonas Enroth without a rebound.
15:59 of 2nd period - Riley Sheahan wins face-off versus Lars Eller in Monarchs zone.
16:24 of 2nd period - Reilly Smith is hit by Jonathan Blum and loses puck.
17:21 of 2nd period - Tyler Randell is hit by Jannik Hansen and loses puck.
17:28 of 2nd period - Wrist shot by Zac Rinaldo.
17:28 of 2nd period - Shot Misses the Net.
17:30 of 2nd period - Snap shot by Patrick Maroon.
17:30 of 2nd period - Stopped by Martin Houle without a rebound.
17:31 of 2nd period - Stephane Da Costa wins face-off versus Reilly Smith in Sasquatch zone.
17:31 of 2nd period - Stephane Da Costa is hit by Reilly Smith.
17:39 of 2nd period - Slapshot by Danny DeKeiser.
17:39 of 2nd period - Stopped by Jhonas Enroth with a rebound.
17:41 of 2nd period - Wrist shot by Jason Akeson.
17:41 of 2nd period - Stopped by Jhonas Enroth with a rebound.
17:43 of 2nd period - Snap shot by Danny DeKeiser.
17:43 of 2nd period - Stopped by Jhonas Enroth without a rebound.
17:44 of 2nd period - Stephane Da Costa wins face-off versus Riley Sheahan in Monarchs zone.
18:05 of 2nd period - Minor Penalty to Linus Omark for Roughing.
18:06 of 2nd period - Riley Sheahan wins face-off versus Drew Shore in Sasquatch zone.
18:19 of 2nd period - Slapshot by Matt Irwin.
18:19 of 2nd period - Stopped by Martin Houle with a rebound.
18:21 of 2nd period - Slapshot by Tom Gilbert.
18:21 of 2nd period - Shot Blocked by Jonathan Blum.
18:39 of 2nd period - Snap shot by Matt Irwin.
18:39 of 2nd period - Deflect By Shawn Matthias.
18:39 of 2nd period - Shot Blocked by Jonathan Blum.
18:39 of 2nd period - Puck is out of play.
18:40 of 2nd period - Riley Sheahan wins face-off versus Drew Shore in Sasquatch zone.
19:06 of 2nd period - Icing by Theo Peckham.
19:07 of 2nd period - Tom Pyatt wins face-off versus Sergey Kalinin in Monarchs zone.
Goals for this period are 0 for Sasquatch vs 2 for Monarchs .
Shots for this period are 10 for Sasquatch vs 14 for Monarchs .

3rd period


0:01 of 3rd period - Riley Sheahan wins face-off versus Drew Shore in neutral zone.
0:04 of 3rd period - Slapshot by Tom Gilbert.
0:04 of 3rd period - Shot Misses the Net.
0:05 of 3rd period - Penalty to Linus Omark is over, Linus Omark is back on ice.
0:06 of 3rd period - Wrist shot by Riley Cote.
0:06 of 3rd period - Deflect By Riley Sheahan.
0:06 of 3rd period - Stopped by Martin Houle with a rebound.
0:08 of 3rd period - Slapshot by Tom Gilbert.
0:08 of 3rd period - Stopped by Martin Houle without a rebound.
0:09 of 3rd period - Drew Shore wins face-off versus Riley Sheahan in Sasquatch zone.
0:23 of 3rd period - Snap shot by Justin Williams.
0:23 of 3rd period - Shot Misses the Net.
0:25 of 3rd period - Slapshot by Riley Sheahan.
0:25 of 3rd period - Stopped by Martin Houle with a rebound.
0:27 of 3rd period - Slapshot by Justin Williams.
0:27 of 3rd period - Deflect By Riley Cote.
0:27 of 3rd period - Stopped by Martin Houle with a rebound.
0:29 of 3rd period - Slapshot by Tom Gilbert.
0:29 of 3rd period - Stopped by Martin Houle without a rebound.
0:30 of 3rd period - Sergey Kalinin wins face-off versus Tom Pyatt in Sasquatch zone.
1:00 of 3rd period - Wrist shot by Riley Cote.
1:00 of 3rd period - Shot Misses the Net.
1:04 of 3rd period - Snap shot by Justin Williams.
1:04 of 3rd period - Shot Misses the Net.
1:44 of 3rd period - Snap shot by Patrick Maroon.
1:44 of 3rd period - Deflect By Brock Trotter.
1:44 of 3rd period - Shot Misses the Net.
1:44 of 3rd period - Puck is out of play.
1:45 of 3rd period - Lars Eller wins face-off versus Riley Sheahan in Sasquatch zone.
1:50 of 3rd period - Snap shot by Yann Sauvé.
1:50 of 3rd period - Stopped by Jhonas Enroth without a rebound.
1:51 of 3rd period - Lars Eller wins face-off versus Riley Sheahan in Monarchs zone.
1:58 of 3rd period - Riley Cote is hit by Nick Leddy and loses puck.
2:17 of 3rd period - D.J King is hit by Tyler Toffoli and loses puck.
2:42 of 3rd period - Matt Irwin is hit by Jason Akeson and loses puck.
3:15 of 3rd period - Slapshot by Matt Irwin.
3:15 of 3rd period - Stopped by Martin Houle with a rebound.
3:21 of 3rd period - Matt Irwin is hit by Brock Trotter and loses puck.
3:48 of 3rd period - Minor Penalty to Tyler McNeely for Interference.
3:49 of 3rd period - Riley Cote wins face-off versus Lars Eller in Monarchs zone.
4:27 of 3rd period - Slapshot by Nick Leddy.
4:27 of 3rd period - Shot Misses the Net.
4:55 of 3rd period - Theo Peckham is hit by Linus Omark.
5:48 of 3rd period - Penalty to Tyler McNeely is over, Tyler McNeely is back on ice.
5:55 of 3rd period - Slapshot by Nick Leddy.
5:55 of 3rd period - Goal by Nick Leddy - Sasquatch : 3 - Monarchs : 4.
5:56 of 3rd period - Lars Eller wins face-off versus Tom Pyatt in neutral zone.
6:03 of 3rd period - Snap shot by Lars Eller.
6:03 of 3rd period - Stopped by Jhonas Enroth with a rebound.
6:10 of 3rd period - Off-side.
6:11 of 3rd period - Riley Sheahan wins face-off versus Stephane Da Costa in neutral zone.
6:14 of 3rd period - Stephane Da Costa is hit by Tom Gilbert and loses puck.
7:01 of 3rd period - Snap shot by Jason Zucker.
7:01 of 3rd period - Deflect By Sergey Kalinin.
7:01 of 3rd period - Stopped by Jhonas Enroth with a rebound.
7:19 of 3rd period - Slapshot by Tom Gilbert.
7:19 of 3rd period - Deflect By Kris Russell.
7:19 of 3rd period - Stopped by Martin Houle with a rebound.
7:21 of 3rd period - Slapshot by Tom Gilbert.
7:21 of 3rd period - Stopped by Martin Houle with a rebound.
7:23 of 3rd period - Slapshot by Matt Irwin.
7:23 of 3rd period - Shot Misses the Net.
7:32 of 3rd period - Minor Penalty to Ryan Strome for Roughing.
7:33 of 3rd period - Riley Sheahan wins face-off versus Drew Shore in Sasquatch zone.
7:59 of 3rd period - Drew Shore is hit by Shawn Matthias and loses puck.
8:12 of 3rd period - Backhand shot by Yann Sauvé.
8:12 of 3rd period - Stopped by Jhonas Enroth without a rebound.
8:13 of 3rd period - Riley Sheahan wins face-off versus Sergey Kalinin in Monarchs zone.
9:32 of 3rd period - Penalty to Ryan Strome is over, Ryan Strome is back on ice.
9:36 of 3rd period - Tom Gilbert is hit by Kris Russell and loses puck.
9:57 of 3rd period - Snap shot by Jason Zucker.
9:57 of 3rd period - Stopped by Jhonas Enroth with a rebound.
10:17 of 3rd period - Justin Williams is hit by Stephane Da Costa and loses puck.
10:30 of 3rd period - Wrist shot by Brock Trotter.
10:30 of 3rd period - Shot Misses the Net.
11:13 of 3rd period - Drew Shore is hit by Riley Sheahan.
12:30 of 3rd period - Reilly Smith is hit by D.J King and loses puck.
12:41 of 3rd period - Minor Penalty to Reilly Smith for Hooking.
12:42 of 3rd period - Lars Eller wins face-off versus Riley Cote in Monarchs zone.
12:43 of 3rd period - Slapshot by Linus Omark.
12:43 of 3rd period - Shot Misses the Net.
13:13 of 3rd period - Snap shot by Jason Zucker.
13:13 of 3rd period - Shot Blocked by Matt Irwin.
13:17 of 3rd period - Wrist shot by Danny DeKeiser.
13:17 of 3rd period - Shot Blocked by Tom Gilbert.
13:19 of 3rd period - Wrist shot by Stephane Da Costa.
13:19 of 3rd period - Shot Misses the Net.
13:21 of 3rd period - Slapshot by Kris Russell.
13:21 of 3rd period - Deflect By Stephane Da Costa.
13:21 of 3rd period - Shot Blocked by Tom Gilbert.
13:21 of 3rd period - Puck is out of play.
13:22 of 3rd period - Riley Cote wins face-off versus Lars Eller in Monarchs zone.
13:47 of 3rd period - Matt Tennyson is hit by Stephane Da Costa and loses puck.
13:59 of 3rd period - Icing by Nick Leddy.
14:00 of 3rd period - Stephane Da Costa wins face-off versus Rickard Rakell in Sasquatch zone.
14:07 of 3rd period - Slapshot by Danny DeKeiser.
14:07 of 3rd period - Stopped by Jhonas Enroth without a rebound.
14:08 of 3rd period - Lars Eller wins face-off versus Justin Williams in Monarchs zone.
14:41 of 3rd period - Penalty to Reilly Smith is over, Reilly Smith is back on ice.
14:50 of 3rd period - Snap shot by Lars Eller.
14:50 of 3rd period - Shot Hit the Post.
14:52 of 3rd period - Snap shot by Jason Akeson.
14:52 of 3rd period - Stopped by Jhonas Enroth without a rebound.
14:53 of 3rd period - Shawn Matthias wins face-off versus Drew Shore in Monarchs zone.
14:58 of 3rd period - Wrist shot by Shawn Matthias.
14:58 of 3rd period - Shot Misses the Net.
15:00 of 3rd period - Wrist shot by Shawn Matthias.
15:00 of 3rd period - Stopped by Martin Houle without a rebound.
15:01 of 3rd period - Drew Shore wins face-off versus Tom Pyatt in Sasquatch zone.
15:12 of 3rd period - Wrist shot by Brock Trotter.
15:12 of 3rd period - Stopped by Jhonas Enroth without a rebound.
15:13 of 3rd period - Riley Sheahan wins face-off versus Drew Shore in Monarchs zone.
15:49 of 3rd period - Tyler McNeely is hit by Jason Akeson and loses puck.
16:23 of 3rd period - Riley Sheahan is hit by Garnet Hathaway.
16:27 of 3rd period - Riley Sheahan is hit by Garnet Hathaway and loses puck.
16:49 of 3rd period - Nick Leddy is hit by Matt Irwin and loses puck.
18:23 of 3rd period - Wrist shot by Stephane Da Costa.
18:23 of 3rd period - Stopped by Jhonas Enroth with a rebound.
18:52 of 3rd period - Riley Cote is hit by Lars Eller.
19:02 of 3rd period - Slapshot by Justin Williams.
19:02 of 3rd period - Shot Misses the Net.
19:16 of 3rd period - Sasquatch, Martin Houle is pulled from the net.
19:48 of 3rd period - Wrist shot by D.J King.
19:48 of 3rd period - Stopped by Jhonas Enroth with a rebound.
19:50 of 3rd period - Slapshot by Kris Russell.
19:50 of 3rd period - Shot Misses the Net.
19:52 of 3rd period - Wrist shot by James Wisniewski.
19:52 of 3rd period - Shot Misses the Net.
19:54 of 3rd period - Slapshot by James Wisniewski.
19:54 of 3rd period - Stopped by Jhonas Enroth without a rebound.
19:55 of 3rd period - Dave Tippett call a timeout for Sasquatch.
19:55 of 3rd period - Jason Zucker wins face-off versus Ryan White in Monarchs zone.
Goals for this period are 1 for Sasquatch vs 0 for Monarchs .
Shots for this period are 12 for Sasquatch vs 9 for Monarchs .